 Dungeon Crawl Stone Soup version 0.26.1-11-gd32895ea62 (webtiles) character file.

Game seed: 8208509008734066531

616 infcreate the Chiller (level 7, -12/52 HPs)
             Began as a Barachi Ice Elementalist on Apr 28, 2021.
             Mangled by Menkaure (15 damage)
             ... on level 4 of the Dungeon.
             The game lasted 00:18:12 (5030 turns).

infcreate the Chiller (Barachi Ice Elementalist)    Turns: 5030, Time: 00:18:13

Health: -12/52     AC: 10    Str: 10    XL:     7   Next: 45%
Magic:  8/12       EV: 13    Int: 17    God:
Gold:   262        SH:  0    Dex: 12    Spells: 6/13 levels left

rFire    . . .     SeeInvis .   s - +2 mace of Teorikk {venom, rPois} (curse)
rCold    . . .     Faith    .   (no shield)
rNeg     . . .     Spirit   .   g - +2 leather armour {Will+}
rPois    +         Reflect  .   (no helmet)
rElec    .         Harm     .   (no cloak)
rCorr    .         Rampage  .   (no gloves)
Will     +....                  (no boots)
Stlth    ++........             (no amulet)
HPRegen  0.17/turn              (no ring)
MPRegen  0.13/turn              (no ring)

@: icy armour, slow
A: +LOS, swims, slowness 1, strong legs 1
a: Hop


You were on level 4 of the Dungeon.
You visited 2 branches of the dungeon, and saw 6 of its levels.

You collected 262 gold pieces.


Innate Abilities, Weirdness & Mutations

You can be seen from farther away. (+LOS)
You can swim through water.
You cover ground slowly.
You can hop short distances.


   Skills:
 + Level 3.2 Fighting
 + Level 3.0 Staves
 + Level 2.4 Armour
 + Level 4.2 Dodging
 - Level 1.7 Stealth
 + Level 3.5 Spellcasting
 * Level 7.0 Ice Magic


You had 6 spell levels left.
You knew the following spells:

 Your Spells              Type           Power        Failure   Level
f - Freeze                Ice            100%         1%          1
o - Ozocubu's Armour      Ice            27%          3%          3
r - Frozen Ramparts       Ice            54%          3%          3

Your spell library contained the following spells:

 Spells                   Type           Power        Failure   Level
 Hailstorm                Conj/Ice       15%          45%         4
 Summon Ice Beast         Ice/Summ       15%          45%         4

Inventory:

Hand Weapons
 s - the cursed +2 mace of Teorikk (weapon) {venom, rPois}
   (You found it on level 4 of the Dungeon)

   It poisons the flesh of those it strikes.
   It protects you from poison.
   It has a curse placed upon it.
Armour
 g - a +2 leather armour of willpower (worn)
Jewellery
 k - a +6 ring of dexterity {unknown}
 m - a +6 ring of strength {unknown}
 p - a cursed amulet of inaccuracy {unknown}
Scrolls
 c - 2 scrolls of identify {@r1}
 e - a scroll of noise {unknown}
 l - a scroll of enchant armour {unknown}
 o - a scroll of enchant weapon
 q - a scroll of amnesia {unknown}
Potions
 a - a potion of ambrosia {unknown}
 b - 2 potions of curing {@q1}
 d - a potion of lignification {unknown}
 f - 2 potions of berserk rage {unknown}
 h - a potion of might {unknown}
 i - a potion of heal wounds {unknown}
 j - a potion of magic {unknown}
 n - 2 potions of attraction {unknown}

Dungeon Overview and Level Annotations

Branches:
Dungeon (5/15)             Temple (1/1) D:5

Altars:
Ashenzari
Fedhas
Gozag
Hepliaklqana
Nemelex Xobeh
Okawaru
Qazlal
Ru
Trog
Vehumet
Wu Jian
Xom
Zin

Annotations:
D:4 Menkaure
D:5 Edmund

.. .. ......(. ...#.
##############
.........#####
#...........## ......
#(...###...........## ......
+....................
.....###..................##
#..............############
###........M.........)..# #
...>.......†@.........(.# #
#........†###.........# #
#.........# #.........#####
#######.........#
#..............
........#########
#.............. ########
##'###......... #.#
#......... #.# #.....####
#.# #.....# #


You could see Menkaure (fast).


Message History

You kill the worker ant!
Menkaure casts a spell at you. Pain shoots through your body!
* * * LOW HITPOINT WARNING * * *
Menkaure gestures at you while chanting.
You resist with some effort.
Your Staves skill increases to level 3!
You hit Menkaure.
Menkaure is heavily damaged.
Menkaure hits you!!
* * * LOW HITPOINT WARNING * * *
You barely miss Menkaure.
Menkaure is heavily damaged.
The frozen ramparts melt away.
Menkaure closely misses you.
Menkaure calls on the powers of darkness!
You feel a surge of unholy energy.
You barely miss Menkaure.
Menkaure is heavily damaged.
Menkaure misses you. Menkaure hits you but does no damage.
Unknown command.
You hit Menkaure.
Menkaure is heavily damaged.
Menkaure hits you but does no damage.
You completely miss Menkaure.
Menkaure is heavily damaged.
Menkaure calls on the powers of darkness!
Your body is wracked with pain!
* * * LOW HITPOINT WARNING * * *
Menkaure hits you!
You die...

Skill      XL: |  1  2  3  4  5  6  7 |
---------------+----------------------+-----
Ice Magic      | 5 6 7 |  7.0
Fighting       | 1 2 3 |  3.2
Staves         | 1 2 3 |  3.0
Dodging        | 3 4 |  4.2
Spellcasting   | 3 |  3.5
Armour         | 1 2 |  2.4
Stealth        | |  1.7

Action                   |  1- 3 |  4- 6 |  7- 9 || total
-------------------------+-------+-------+-------++-------
Melee: Unarmed           |    12 |     5 |       ||    17
       Club              |       |    12 |       ||    12
       Mace              |       |     6 |    12 ||    18
 Cast: Freeze            |    49 |    84 |     1 ||   134
       Frozen Ramparts   |     1 |     8 |     1 ||    10
       Ozocubu's Armour  |       |     1 |     1 ||     2
  Use: Scroll            |       |     7 |       ||     7
 Stab: Sleeping          |     1 |       |       ||     1
Armor: Robe              |     9 |     3 |       ||    12
       Leather armour    |       |    19 |     3 ||    22
Dodge: Dodged            |    32 |    66 |    15 ||   113

Levels and vault maps discovered:
D:1:      dpeg_arrival_tiny_g, layout_basic, minivault_25,
          chequers_serial_rivers_small_b, minivault_14
D:2:      layout_basic
D:3:      minmay_spotlight, layout_basic, kennysheep_okawaru_gauntlet
D:4:      layout_basic, kennysheep_mini_moat, uniq_sigmund, uniq_menkaure
D:5:      layout_loops_cross, lemuel_crystal_altar,
          nicolae_dithmenos_through_a_glass_darkly, lemuel_crystal_altar,
          gammafunk_temple_overflow_pools, temple_fountains, serial_shops,
          shop_statue, uniq_edmund
Temple:   minmay_freezing_vapour_temple

Notes
Turn   | Place    | Note
-------+----------+-------------------------------------------
     0 | D:1      | infcreate the Barachi Ice Elementalist began the quest for
                  | the Orb.
     0 | D:1      | Reached XP level 1. HP: 13/13 MP: 3/3
   331 | D:1      | Reached skill level 5 in Ice Magic
   331 | D:1      | Reached XP level 2. HP: 19/19 MP: 3/5
   906 | D:1      | Reached XP level 3. HP: 25/25 MP: 4/6
   974 | D:1      | You fall into a shaft and drop 1 floor!
   985 | D:2      | Reached skill level 1 in Fighting
  1071 | D:2      | Learned a level 3 spell: Frozen Ramparts
  1144 | D:2      | Reached skill level 1 in Staves
  1302 | D:2      | Reached skill level 3 in Dodging
  1831 | D:1      | Reached XP level 4. HP: 28/32 MP: 2/7
  1972 | D:2      | Learned a level 3 spell: Ozocubu's Armour
  2824 | D:3      | Reached XP level 5. HP: 38/38 MP: 4/9
  3097 | D:3      | Found an iron altar of Okawaru.
  3356 | D:3      | Reached skill level 2 in Fighting
  4102 | D:4      | Noticed Sigmund
  4206 | D:4      | You fall into a shaft and drop 1 floor!
  4206 | D:5      | Entered Level 5 of the Dungeon
  4209 | D:5      | Found a staircase to the Ecumenical Temple.
  4225 | D:5      | Noticed Edmund
  4231 | D:5      | Reached skill level 6 in Ice Magic
  4235 | D:5      | Reached skill level 3 in Spellcasting
  4306 | Temple   | Entered the Ecumenical Temple
  4339 | D:4      | Reached skill level 2 in Staves
  4339 | D:4      | Reached skill level 1 in Armour
  4339 | D:4      | Reached XP level 6. HP: 45/45 MP: 5/10
  4516 | D:4      | Found a stormy altar of Qazlal.
  4575 | D:4      | Got a slimy mace
  4576 | D:4      | Identified the cursed +2 mace of Teorikk {venom, rPois}
                  | (You found it on level 4 of the Dungeon)
  4643 | D:4      | Reached skill level 4 in Dodging
  4646 | D:4      | Killed Sigmund
  4647 | D:4      | Reached skill level 3 in Fighting
  4647 | D:4      | Reached skill level 2 in Armour
  4647 | D:4      | Reached skill level 7 in Ice Magic
  4647 | D:4      | Reached XP level 7. HP: 21/52 MP: 3/12
  5005 | D:4      | Noticed Menkaure
  5026 | D:4      | Reached skill level 3 in Staves
  5026 | D:4      | HP: 3/52 [Menkaure (18)]
  5030 | D:4      | Mangled by Menkaure

Vanquished Creatures
  Sigmund (D:4)
  An ogre (D:4)
  A scorpion (D:4)
  An orc priest (D:5)
  A bullfrog skeleton (D:4)
  An iguana (D:4)
  An orc wizard (D:3)
  2 worker ants (D:4)
  7 adders
  An ooze (D:3)
  A worm (D:3)
  4 dart slugs
  2 leopard geckos (D:1)
  12 orcs
  6 bats
  5 giant cockroaches
  2 goblins
  12 hobgoblins
  7 jackals
  11 kobolds
  4 quokkas
  3 ball pythons
  3 frilled lizards
  A jackal skeleton (D:4)
  6 rats
96 creatures vanquished.

Table legend: (Time is in decaauts)
 A = Elapsed time spent in this place.
 B = Non-inter-level travel time spent in this place.
 C = Inter-level travel time spent in this place.
 D = Time resting spent in this place.
 E = Time spent auto-exploring this place.
 F = Levels seen in this place.
 G = Mean time per level.
                   A        B        C        D        E       F      G
               +--------+--------+--------+--------+--------+-----+--------+
         Total |   5572 |   5269 |    303 |   1243 |   2649 |   6 |  928.7 |
       Dungeon |   5561 |   5258 |    303 |   1243 |   2649 |   5 | 1112.2 |
        Temple |     11 |     11 |      0 |      0 |      0 |   1 |   11.0 |
               +--------+--------+--------+--------+--------+-----+--------+

Top non-repeatable levels by time:
     D:2: 1781 daAuts
     D:3: 1585 daAuts
     D:1: 1280 daAuts
     D:4: 790 daAuts
     D:5: 123 daAuts
  Temple: 11 daAuts

Table legend:
 A = Non-vault XP
 B = Vault XP
 C = Vault XP percentage of total XP
 D = Non-vault monster count
 E = Vault monster count
 F = Vault count percentage of total count
                 A         B        C        D         E       F
            +---------+---------+-------+---------+---------+-------
      Total |     650 |     231 |  26.2 |      90 |       6 |   6.2
            +---------+---------+-------+---------+---------+-------
        D:1 |      48 |       0 |   0.0 |      19 |       0 |   0.0
        D:2 |      98 |       0 |   0.0 |      26 |       0 |   0.0
        D:3 |      89 |      11 |  11.0 |      25 |       5 |  16.7
        D:4 |     360 |     220 |  37.9 |      15 |       1 |   6.2
        D:5 |      55 |       0 |   0.0 |       5 |       0 |   0.0
            +---------+---------+-------+---------+---------+-------
